 Dungeon Crawl Stone Soup version 0.30-a0-170-g85af917532 (webtiles) character file.

Game seed: 6959228319121698810

107 scionoferis the Shooter (level 5, -4/48 HPs)
             Began as a Kobold Hunter on Sept 30, 2022.
             Slain by a gnoll
             ... wielding a +0 flail
              (10 damage)
             ... on level 2 of the Dungeon.
             The game lasted 00:03:32 (1585 turns).

scionoferis the Shooter (Kobold Hunter)             Turns: 1585, Time: 00:03:33

Health: -4/48      AC: 22    Str:  7 (10) XL:     5   Next: 11%
Magic:  5/5        EV:  3    Int: 10 (11) God:
Gold:   129        SH:  0    Dex: 15 (18) Spells: 4/4 levels left

rFire   . . .      SeeInvis .    b - +0 dagger
rCold   . . .      Faith    .    (no shield)
rNeg    . . .      Spirit   .    (body armour currently unavailable)
rPois   +          Reflect  .    (helmet currently unavailable)
rElec   .          Harm     .    (cloak currently unavailable)
rCorr   .          Rampage  .    (gloves currently unavailable)
Will    .....      NoTele   +    (boots currently unavailable)
Stlth   +++.......               (no amulet)
HPRegen 0.16/turn                (no ring)
MPRegen 0.09/turn                (no ring)

@: tree-form
A: stationary, stasis, torment immunity, boosted hp, small, no large weapons,
nightstalker 3
a: no special abilities


You were on level 2 of the Dungeon.
You were a tree.
You visited 1 branch of the dungeon, and saw 2 of its levels.

You collected 129 gold pieces.

Inventory:

Hand Weapons
 a - a +0 shortbow
 b - a +0 dagger (weapon)
Armour
 c - a +0 leather armour
 h - a +0 pair of gloves (melded)
 p - a +2 robe of positive energy (melded)
Scrolls
 d - a scroll of torment {unknown}
 e - a scroll of immolation
 g - 2 scrolls of identify {unknown}
 j - a scroll of silence {unknown}
 l - 2 scrolls of amnesia {unknown}
Potions
 f - a potion of brilliance {unknown}
 i - a potion of heal wounds {unknown}
 k - a potion of curing {unknown}
 m - a potion of degeneration
 n - a potion of lignification
 o - a potion of might {unknown}
 q - a potion of ambrosia {unknown}
 r - a potion of haste {unknown}


   Skills:
 + Level 2.9 Fighting
 * Level 3.0 Short Blades
 + Level 5.7 Ranged Weapons
 + Level 0.6 Armour
 + Level 3.2 Dodging
 + Level 2.6 Stealth


You had 4 spell levels left.
You didn't know any spells.
Your spell library was empty.

Dungeon Overview and Level Annotations

Branches:
Dungeon (2/15)

Altars:


Innate Abilities, Weirdness & Mutations

You are a tree.
Your roots penetrate the ground, keeping you stationary.
You cannot be teleported.
You are immune to unholy pain and torment.
Your maximum health is greatly increased.
Your equipment is partially melded.
You are small and have problems with some larger weapons.
You are completely attuned to the shadows.


Message History

The gnoll is severely wounded.
The gnoll closely misses you.
You hit the gnoll but do no damage.
The gnoll is severely wounded.
The gnoll hits you with a +0 flail.
* * * LOW HITPOINT WARNING * * *
You hit the gnoll.
The gnoll is severely wounded.
You hit the gnoll but do no damage.
The gnoll is severely wounded.
The gnoll barely misses you.
You hit the gnoll but do no damage.
The gnoll is severely wounded.
The gnoll completely misses you.
You aren't carrying any items that you can evoke.
Unknown command.
Unknown command.
It was a potion of degeneration.
There was something very wrong with that liquid.
You feel weakened.
You feel dopey.
You feel clumsy. The gnoll barely misses you.
It was a potion of lignification.
You turn into a tree.
Your +0 pair of gloves melds into your body.
Your +2 robe of positive energy melds into your body.
You feel less protected from negative energy.
Your roots penetrate the ground.
The gnoll hits you but does no damage.
You hit the gnoll.
The gnoll is almost dead.
The gnoll hits you but does no damage.
You hit the gnoll but do no damage.
The gnoll is almost dead.
The gnoll hits you but does no damage.
You barely miss the gnoll.
The gnoll is almost dead.
The gnoll hits you with a +0 flail.
* * * LOW HITPOINT WARNING * * *
You barely miss the gnoll.
The gnoll is almost dead.
The gnoll hits you with a +0 flail!
You die...

##. .............# .'.
..##...###+#.# ##
........P....# ####
#....♣♣.....# ....
#....P♣P....# ....
#...♣♣♣♣....# ....
#...P♣♣.P...# ###.
###.gP....#.########
#P.bP♣.#..#........#
#...P♣♣....#..#####.###
###.♣♣♣♣P.......# #....
.....♣P.......>.#########
......P...............#.#
.....#.P#####.g######.#.#
.....'..................#
.....########..##.#.#.#.#
####'########..##.#.#.#.#


You could see a gnoll and a bat.

Vanquished Creatures
  Jessica (D:2)
  3 gnolls (D:2)
  An adder (D:2)
  A dart slug (D:2)
  6 endoplasms
  3 giant cockroaches
  4 goblins
  2 hobgoblins (D:2)
  2 quokkas
  4 ball pythons
  3 bats
  A frilled lizard (D:1)
  6 kobolds
  4 rats
41 creatures vanquished.

Vanquished Creatures (others)
  6 plants (D:2)
6 creatures vanquished.

Grand Total: 47 creatures vanquished

Notes
Turn   | Place    | Note
-------+----------+-------------------------------------------
     0 | D:1      | scionoferis the Kobold Hunter began the quest for the Orb.
     0 | D:1      | Reached XP level 1. HP: 12/12 MP: 1/1
   164 | D:1      | Reached XP level 2. HP: 17/18 MP: 2/2
   202 | D:1      | Reached skill level 1 in Short Blades
   689 | D:2      | Reached XP level 3. HP: 22/22 MP: 3/3
   991 | D:2      | Noticed Jessica
   997 | D:2      | Killed Jessica
   998 | D:2      | Reached XP level 4. HP: 27/27 MP: 4/4
  1431 | D:2      | Reached XP level 5. HP: 25/32 MP: 5/5
  1585 | D:2      | Slain by a gnoll

Illustrated notes

Levels and vault maps discovered:
D:1:      mrwooster_arrival_statue_3, layout_basic,
          hangedman_abyss_or_decor_stabs
D:2:      layout_basic, serial_forest, infiniplex_forest_clump_tiny,
          infiniplex_forest_clump_medium, infiniplex_forest_clump_double,
          infiniplex_forest_straight_4, infiniplex_forest_end_2,
          infiniplex_forest_straight_5, infiniplex_forest_zigzag_1,
          ebering_ecumenical_altar_box, uniq_jessica

Skill      XL: |  1  2  3  4  5 |
---------------+----------------+-----
Short Blades   | 1 2 3 |  3.0
Stealth        | 2 |  2.6
Dodging        | 3 |  3.2
Fighting       | |  2.9
Ranged Weapons | |  5.7
Armour         | |  0.6

Action                   |  1- 3 |  4- 6 || total
-------------------------+-------+-------++-------
Melee: Dagger            |     1 |    14 ||    15
 Fire: Shortbow          |    69 |    29 ||    98
  Use: Potion            |       |     2 ||     2
 Stab: Sleeping          |     1 |       ||     1
Armor: Leather armour    |    10 |       ||    10
       Robe              |       |     5 ||     5
       Skin              |       |     3 ||     3
Dodge: Dodged            |    38 |    22 ||    60

Table legend: (Time is in decaauts)
 A = Elapsed time spent in this place.
 B = Non-inter-level travel time spent in this place.
 C = Inter-level travel time spent in this place.
 D = Time resting spent in this place.
 E = Time spent auto-exploring this place.
 F = Levels seen in this place.
 G = Mean time per level.
                   A        B        C        D        E       F      G
               +--------+--------+--------+--------+--------+-----+--------+
         Total |   1607 |   1503 |    104 |    112 |   1058 |   2 |  803.5 |
       Dungeon |   1607 |   1503 |    104 |    112 |   1058 |   2 |  803.5 |
               +--------+--------+--------+--------+--------+-----+--------+

Top non-repeatable levels by time:
     D:1: 838 daAuts
     D:2: 768 daAuts
